 Dungeon Crawl Stone Soup version 0.25-a0-356-g7c9d860b3b (webtiles) character file.

Game seed: 14107669951450397371, levelgen mode: deterministic

41 Banto the Insei (level 3, 0/23 HPs)
             Began as an Octopode Transmuter on Jan 3, 2020.
             Shot with a stone by a goblin (1 damage)
             ... on level 2 of the Dungeon.
             The game lasted 00:01:19 (1472 turns).

Banto the Insei (Octopode Transmuter)               Turns: 1472, Time: 00:01:20

Health: 0/23       AC:  1    Str: 10    XL:     3   Next: 52%
Magic:  6/6        EV: 28    Int: 15    God:
Gold:   39         SH:  0    Dex: 12    Spells: 3/6 levels left

rFire    . . .     SeeInvis .     - Unarmed
rCold    . . .     Gourm    .   (no shield)
rNeg     . . .     Faith    .   (helmet restricted)
rPois    .         Spirit   .   e - amulet of the acrobat
rElec    .         Reflect  .   (no ring)
rCorr    .         Harm     .   (no ring)
MR       .....                  (no ring)
Stlth    ++........             (no ring)
HPRegen  0.07/turn              (no ring)
MPRegen  0.10/turn              (no ring)
                                (no ring)
                                (no ring)

@: acrobat
A: almost no armour, stealthy swim, amphibious, 8 rings, constrict 8, camouflage
1, gelatinous body 1
a: no special abilities


You were on level 2 of the Dungeon.
You were not hungry.

You visited 1 branch of the dungeon, and saw 2 of its levels.

You collected 39 gold pieces.

Inventory:

Missiles
 a - 12 arrows
Jewellery
 e - an amulet of the acrobat (around mantle)
Potions
 b - a potion of cancellation
Comestibles
 c - 3 rations
 f - 2 chunks of flesh


   Skills:
 - Level 1.0 Fighting
 - Level 2.0 Dodging
 + Level 3.8 Unarmed Combat
 - Level 2.0 Spellcasting
 + Level 3.0 Transmutations


You had 3 spell levels left.
You knew the following spells:

 Your Spells              Type           Power        Failure   Level  Hunger
a - Beastly Appendage     Tmut           ##....       6%          1    #......
b - Sticks to Snakes      Tmut           ##......     10%         2    ###....

Your spell library contained the following spells:

 Spells                   Type           Power        Failure   Level  Hunger
 Spider Form              Tmut/Pois      #.........   34%         3    ###....
 Ice Form                 Ice/Tmut       #.......     75%         4    #####..
 Blade Hands              Tmut           ##........   87%         5    ######.


Dungeon Overview and Level Annotations

Branches:
Dungeon (2/15)

Altars:


Innate Abilities, Weirdness & Mutations

You cannot wear most types of armour.
You are very stealthy in the water. (Stealth+)
You are amphibious.
You can wear up to eight rings at the same time.
You can use your tentacles to constrict eight enemies at once.
Your skin changes colour to match your surroundings (Stealth+).
Your rubbery body absorbs attacks. (AC +1, EV +1)


Message History

You grab the kobold. You constrict the kobold. The kobold misses you.
You barely miss the kobold.
The kobold is moderately wounded.
You constrict the kobold. The kobold closely misses you.
You tentacle-slap the kobold.
You kill the kobold!
The goblin shoots a stone.
The stone closely misses you.
You tentacle-slap the rat.
You kill the rat!
The goblin shoots a stone.
The stone hits you!
You take 9 damage, and have 9/23 hp.
MASSIVE DAMAGE!!
You are too injured to fight recklessly!
You are too injured to fight recklessly!
The goblin shoots a stone.
The stone hits you!
* * * LOW HITPOINT WARNING * * *
Things that are here:
a stone; a +0 dagger You take 8 damage, and have 1/23 hp.
MASSIVE DAMAGE!!
The goblin shoots a stone.
The stone hits you.
You die...

.. .! #.###..
#r#?... #.#.#.# g
#.#.#.# ...
#.#(#.######
.....#)#(#.......
......((.@.......
.#####g#....?...#
#.#.####<#.#
#.#.# #.#.#
#.#.####.#.#
#.#.##..§#.#
..#.##..§§§#
###.....§§§#
####..§§§#


You could see a goblin.

Vanquished Creatures
  An adder (D:2)
  A worm (D:2)
  2 dart slugs (D:1)
  4 bats (D:1)
  3 goblins
  A hobgoblin (D:1)
  3 jackals (D:1)
  A frilled lizard (D:2)
  4 kobolds
  5 rats
25 creatures vanquished.

Notes
Turn   | Place    | Note
-------+----------+-------------------------------------------
     0 | D:1      | Banto the Octopode Transmuter began the quest for the Orb.
     0 | D:1      | Reached XP level 1. HP: 13/13 MP: 3/3
   317 | D:1      | Reached XP level 2. HP: 10/18 MP: 5/5
  1375 | D:2      | Learned a level 2 spell: Sticks to Snakes
  1381 | D:2      | Reached XP level 3. HP: 23/23 MP: 6/6
  1471 | D:2      | HP: 1/23 [goblin/stone (8)]
  1472 | D:2      | Shot with a stone by a goblin

Levels and vault maps discovered:
D:1:      nagdon_arrival_zigzag_paths, layout_basic
D:2:      layout_basic, first_ration

Skill      XL: |  1  2  3 |
---------------+----------+-----
Transmutations | 3 |  3.0
Fighting       | |  1.0
Dodging        | |  2.0
Unarmed Combat | |  3.8
Spellcasting   | |  2.0

Action                   || total
-------------------------++-------
Melee: Unarmed           ||    60
       Constrict         ||    18
       Tentacles         ||     6
       Kick              ||     5
       Punch             ||     1
 Cast: Beastly Appendage ||     3
  Use: Scroll            ||     5
 Stab: Sleeping          ||     4
  Eat: Chunk             ||     2
Armor: Skin              ||     7
Dodge: Dodged            ||    43

Table legend:
 A = Non-vault XP
 B = Vault XP
 C = Vault XP percentage of total XP
 D = Non-vault monster count
 E = Vault monster count
 F = Vault count percentage of total count
                 A         B        C        D         E       F
            +---------+---------+-------+---------+---------+-------
      Total |      59 |       0 |   0.0 |      25 |       0 |   0.0
            +---------+---------+-------+---------+---------+-------
        D:1 |      32 |       0 |   0.0 |      17 |       0 |   0.0
        D:2 |      27 |       0 |   0.0 |       8 |       0 |   0.0
            +---------+---------+-------+---------+---------+-------

Table legend:
 A = Turns spent in this place as a percentage of turns spent in the entire game.
 B = Non-inter-level travel turns spent in this place as a percentage of non-inter-level travel turns spent in the entire game.
 C = Inter-level travel turns spent in this place as a percentage of turns spent in this place.
 D = Turns resting spent in this place as a percentage of non-inter-level travel turns spent in this place.
 E = Turns spent auto-exploring this place as a percentage of non-inter-level travel turns spent in this place.
 F = Non-inter-level travel turns spent in this place divided by the number of levels of this place that you've seen.
                   A       B       C       D       E      F
               +-------+-------+-------+-------+-------+----------------------
         Total | 100.0 | 100.0 |   1.0 |  46.3 |  39.8 | 729.0
       Dungeon | 100.0 | 100.0 |   1.0 |  46.3 |  39.8 | 729.0
               +-------+-------+-------+-------+-------+----------------------

Table legend:
 A = Kills in this place as a percentage of kills in entire the game.
 B = Kills by you in this place as a percentage of kills by you in the entire game.
 C = Kills by friends in this place as a percentage of kills by friends in the entire game.
 D = Other kills in this place as a percentage of other kills in the entire game.
 E = Experience gained in this place as a percentage of experience gained in the entire game.
 F = Experience gained in this place divided by the number of levels of this place that you have seen.
                   A       B       C       D       E      F
               +-------+-------+-------+-------+-------+----------------------
         Total | 100.0 | 100.0 |   N/A |   N/A | 100.0 |  29.5
       Dungeon | 100.0 | 100.0 |   N/A |   N/A | 100.0 |  29.5
               +-------+-------+-------+-------+-------+----------------------
